 Dungeon Crawl Stone Soup version 0.31.0-32-g396128a36d (webtiles) character file.

Game seed: 3415394953606857744

76547 TacoSundae the Devastator (level 15, -13/115 HPs)
             Began as a Barachi Conjurer on Apr 17, 2024.
             Was a High Priest of Vehumet.
             Hit by a large rock thrown by a cyclops (41 damage)
             ... on level 2 of the Orcish Mines.
             The game lasted 01:46:54 (24662 turns).

TacoSundae the Devastator (Barachi Conjurer)       Turns: 24662, Time: 01:47:05

Health: -13/115    AC: 10    Str:  8    XL:     15   Next: 53%
Magic:  10/32      EV: 28    Int: 26    God:    Vehumet [*****.]
Gold:   1581       SH:  0    Dex: 11    Spells: 15/40 levels left

rFire   . . .        a - staff of conjuration
rCold   + . .        (no shield)
rNeg    . . .        M - +2 robe {Will+}
rPois   +            (no helmet)
rElec   .            u - +2 cloak
rCorr   .            y - +1 pair of gloves
SInv    .            v - +0 pair of boots {Fly}
Will    ++...        h - amulet of the acrobat
Stlth   ++           e - ring of poison resistance
HPRegen 0.39/turn    t - ring of protection from cold
MPRegen 0.23/turn

%: acrobat
@: acrobatic, flying, slow
A: amphibious, slowness 1, strong legs 2, +LOS
a: Hop, Renounce Religion


You were on level 2 of the Orcish Mines.
You worshipped Vehumet.
Vehumet was extremely pleased with you.
You visited 4 branches of the dungeon, and saw 21 of its levels.

You collected 1581 gold pieces.

Inventory:

Hand Weapons
 b - the +7 Spriggan's Knife {stab, EV+4 Stlth+}
   (You found it on level 5 of the Lair of Beasts)

   Stab:      It is more effective when stabbing unaware enemies, sometimes
   treating them as though they were completely helpless.
   EV+4:      It affects your evasion (+4).
   Stlth+:    It makes you more stealthy.
Missiles
 B - 3 throwing nets
Armour
 u - a +2 cloak (worn)
 v - a +0 pair of boots of flying (worn)
 y - a +1 pair of gloves (worn)
 M - a +2 robe of willpower (worn)
 O - a +0 buckler
 R - a +2 robe of cold resistance
Magical Staves
 a - a staff of conjuration (weapon)
 n - a staff of cold
Jewellery
 e - a ring of poison resistance (left hand)
 h - an amulet of the acrobat (around neck)
 k - a ring of resist corrosion
 o - a ring of willpower
 t - a ring of protection from cold (right hand)
 z - a +5 ring of evasion
 Q - the ring of the Saviour {Ice rN+ Int+5 Stlth+}
   (You acquired it on level 11 of the Dungeon)

   [ring of ice]

   Ice:       It enhances your ice magic.
   Int+5:     It affects your intelligence (+5).
   rF-:       It makes you vulnerable to fire.
   rC+:       It protects you from cold.
   rN+:       It protects you from negative energy.
   Stlth+:    It makes you more stealthy.
 S - a ring of see invisible
Wands
 j - a wand of mindburst (18)
 s - a wand of charming (15)
 E - a wand of digging (3)
 H - a wand of roots (6)
 I - a wand of flame (9)
 N - a wand of acid (14)
Scrolls
 c - a scroll of enchant armour
 g - a scroll of blinking
 m - 5 scrolls of fog
 D - a scroll of identify
 F - 2 scrolls of poison
 G - a scroll of amnesia
 K - 3 scrolls of enchant weapon
 L - 4 scrolls of teleportation
Potions
 d - 4 potions of haste
 i - 7 potions of curing
 l - 3 potions of brilliance
 p - 7 potions of enlightenment
 q - 2 potions of invisibility
 r - 6 potions of heal wounds
 w - 2 potions of magic
 x - 2 potions of ambrosia
 A - 3 potions of might
 C - 2 potions of mutation
Miscellaneous
 f - a phial of floods
 J - a condenser vane
 P - a lightning rod (4/4)


   Skills:
 + Level 10.1 Fighting
 - Level 10.0 Staves
 + Level 3.7 Dodging
 - Level 1.7 Stealth
 + Level 13.0 Spellcasting
 + Level 17.5 Conjurations
 - Level 9.0 Ice Magic
 + Level 7.6 Air Magic
 - Level 10.0 Evocations


You had 15 spell levels left.
You knew the following spells:

 Your Spells              Type           Power      Damage    Failure   Level
a - Magic Dart            Conj           100%       1d8       0%          1
b - Searing Ray           Conj           100%       2d8       0%          2
c - Freezing Cloud        Conj/Ice/Air   42%        6-21      1%          5
d - Orb of Destruction    Conj           52%        9d13      1%          7
e - Conjure Ball Lightni  Conj/Air       44%        3x3d15    1%          6
f - Iskenderun's Mystic   Conj/Tloc      76%        2d15      1%          4

Your spell library contained the following spells:

 Spells                   Type           Power      Damage    Failure   Level
 Cigotuvi's Dreadful Rot  Necr/Alch/Air  60%        N/A       1%          2
 Ensorcelled Hibernation  Hex/Ice        80%        N/A       1%          2
 Mercury Vapours          Alch/Air       72%        N/A       1%          2
 Momentum Strike          Conj/Tloc      100%       3d10      1%          2
 Frozen Ramparts          Ice            100%       1d16      1%          3
 Mephitic Cloud           Conj/Alch/Air  74%        N/A       1%          3
 Fulminant Prism          Conj/Alch      38%        3d17      1%          4
 Necrotise                Necr           64%        1d7       3%          1
 Blink                    Tloc           32%        N/A       4%          2
 Jinxbite                 Hex            32%        N/A       4%          2
 Lesser Beckoning         Tloc           32%        N/A       4%          2
 Ignite Poison            Fire/Alch      16%        N/A       9%          4
 Fugue of the Fallen      Necr           16%        N/A       10%         3
 Vampiric Draining        Necr           16%        2d7       10%         3
 Metabolic Englaciation   Hex/Ice        20%        N/A       14%         5
 Spellforged Servitor     Conj/Summ      38%        N/A       21%         7
 Yara's Violent Unravell  Hex/Alch       8%         3d5       24%         5
 Anguish                  Hex/Necr       8%         N/A       32%         4
 Leda's Liquefaction      Alch/Erth      8%         N/A       32%         4
 Martyr's Knell           Necr/Summ      16%        N/A       32%         4
 Summon Blazeheart Golem  Fire/Summ      16%        N/A       32%         4
 Curse of Agony           Necr           16%        N/A       67%         5
 Enfeeble                 Hex            8%         N/A       100%        7


Dungeon Overview and Level Annotations

Branches:
Dungeon (13/15)            Temple (1/1) D:5            Lair (5/5) D:8
  Swamp (0/4) Lair:2        Snake (0/4) Lair:3        Slime (0/5) Lair:4
    Orc (2/2) D:12            Elf (0/3) Orc:2        Vaults (0/5) D:13

Altars:
Ashenzari
Cheibriados
Dithmenos
Elyvilon
Fedhas
Gozag
Hepliaklqana
Kikubaaqudgha
Makhleb
Nemelex Xobeh
Okawaru
Qazlal
Ru
Sif Muna
Trog
Uskayaw
Vehumet
Xom
Yredelemnul
Zin
The Shining One
Jiyva

Shops:
Orc:2 [[

Portals:
Trove: D:12 (give +6 demon blade)

Annotations:
Lair:5 3 runed translucent doors, drollins's ghost, journeyman GrFi


Innate Abilities, Weirdness & Mutations

You are amphibious.
You cover ground slowly.
You can hop long distances.
You have an extended range of vision and can be seen from far away.


Message History

Unknown command.
Unknown command.
The ogre is engulfed in freezing vapours.
You kill the ogre!
Vehumet accepts your kill.
The troll is engulfed in freezing vapours.
The ogre is engulfed in freezing vapours.
You kill the ogre!
Vehumet accepts your kill.
You feel your power returning.
The troll is engulfed in freezing vapours.
You kill the troll!
Vehumet accepts your kill.
You feel your power returning.
An ogre comes into view. It is wielding a +0 giant club.
The ogre mage is engulfed in freezing vapours.
Unknown command.
The troll is engulfed in freezing vapours.
An ogre comes into view. It is wielding a +0 giant club.
The ogre mage is engulfed in freezing vapours.
The cyclops throws a large rock.
The large rock hits you!
* * * LOW HITPOINT WARNING * * *
Unknown command.
Unknown command.
Casting: Freezing Cloud (mildly dangerous; 1% risk of failure)
Confirm with . or Enter, or press ? or * to list all spells.
Aiming: Freezing Cloud (mildly dangerous; 1% risk of failure)
Press: ? - help, Dir - move target, p - ogre mage
Okay, then.
Unknown command.
Unknown command.
Unknown command.
The troll is engulfed in freezing vapours.
You kill the troll!
Vehumet accepts your kill.
You feel your power returning.
The troll leather armour is intact enough to wear.
The ogre mage is engulfed in freezing vapours.
The cyclops throws a large rock.
The large rock hits you!!!
You die...

...... #.###.#..§#§§§OC..
..... ...#...O.§§§§§§§∩.
#...## ....#..§.§§§§☼§§..
.....##.......§§§§§§§§§..
.......#......§§§§§§§§§§#
.......#...#.§§§§O§§○§§#
........#.....§)§)○§§§##
..###....#.....§)§§§...#
.## ##.....##.)§@)#.#.##
..####...>###.§.§.§###
..#.#.<...##....§§§..##
.).....#####....§§§...#
#..).).# #........#.##
##....## ##.#...#####
#.....## ##....##
#......####......##
#........###......#.#


You could see an ogre mage, a cyclops and 2 ogres.

Vanquished Creatures
  An eleionoma (Lair:2)
  A hydra (Lair:5)
  An ogre mage (Orc:2)
  5 catoblepae (Lair:5)
  8 two-headed ogres
  2 tengu warriors (D:13)
  4 death yaks (Lair:5)
  2 centaur warriors (D:13)
  3 skysharks
  A deep troll (Orc:2)
  A deep elf archer (D:13)
  An orc knight (D:13)
  2 deep elf pyromancers (D:13)
  An ugly thing (D:11)
  A deep elf zephyrmancer (D:13)
  An orc sorcerer (Orc:1)
  An oklob plant (Lair:5)
  3 manticores
  2 cyclopes
  2 black mambas (Lair:5)
  8 elephants (Lair:4)
  A torpor snail (Lair:2)
  A gargoyle (D:7)
  A guardian serpent (Lair:3)
  20 cane toads
  An unseen horror (D:11)
  4 rime drakes
  A kobold demonologist (D:13)
  10 komodo dragons
  16 trolls
  Psyche (D:12)
  5 polar bears
  33 blink frogs
  7 dream sheep (Lair:5)
  13 slime creatures
  4 wraiths
  80 yaks
  5 wyverns
  5 basilisks
  6 vampire mosquitoes
  2 steam dragons
  A warg (Orc:2)
  6 acid dragons
  12 water moccasins
  A swamp drake (Lair:5)
  11 orc warriors
  3 black bears
  An ice beast (D:8)
  11 ogres
  5 centaurs
  22 wolves
  A phantom (D:6)
  7 kobold brigands
  13 bullfrogs
  A gnoll sergeant (D:6)
  5 scorpions
  14 wights
  12 killer bees
  3 howler monkeys (D:12)
  2 electric eels (D:8)
  2 bombardier beetles
  5 hounds
  13 jellies
  22 orc priests
  7 iguanas
  11 hell rats
  22 orc wizards
  13 adders
  12 gnolls
  A shadow imp (D:6)
  2 white imps
  2 ribbon worms (D:4)
  2 dart slugs
  49 orcs
  6 bats
  14 endoplasms
  5 giant cockroaches
  13 goblins
  5 hobgoblins
  5 jackals
  6 kobolds
  4 quokkas
  9 ball pythons
  2 frilled lizards (D:2)
  9 rats
  A spectral kobold (D:4)
640 creatures vanquished.

Vanquished Creatures (others)
  An orc wizard (D:8)
1 creature vanquished.

Grand Total: 641 creatures vanquished

Notes
Turn   | Place    | Note
-------+----------+-------------------------------------------
     0 | D:1      | TacoSundae the Barachi Conjurer began the quest for the
                  | Orb.
     0 | D:1      | Reached XP level 1. HP: 13/13 MP: 3/3
   145 | D:1      | Reached XP level 2. HP: 18/19 MP: 0/5
   389 | D:1      | Learned a level 2 spell: Searing Ray
   664 | D:1      | Reached skill level 5 in Conjurations
  1194 | D:2      | Reached XP level 3. HP: 24/24 MP: 1/7
  1559 | D:2      | Reached XP level 4. HP: 30/30 MP: 5/8
  2455 | D:3      | Reached skill level 6 in Conjurations
  2455 | D:3      | Reached XP level 5. HP: 35/35 MP: 3/10
  2609 | D:3      | Found a bloodstained altar of Trog.
  3083 | D:4      | Found a shadowy altar of Dithmenos.
  3259 | D:4      | Found a snail-covered altar of Cheibriados.
  3431 | D:4      | Reached XP level 6. HP: 41/41 MP: 1/12
  3612 | D:4      | Reached skill level 7 in Conjurations
  3872 | D:4      | Found a hazy altar of Hepliaklqana.
  4046 | D:5      | Entered Level 5 of the Dungeon
  4219 | D:5      | Reached skill level 1 in Ice Magic
  4261 | D:5      | Reached XP level 7. HP: 37/46 MP: 7/13
  4585 | D:5      | Reached skill level 8 in Conjurations
  4690 | D:5      | Reached skill level 5 in Spellcasting
  4728 | D:5      | Noticed a slime creature
  4839 | D:5      | Reached XP level 8. HP: 52/52 MP: 10/15
  4888 | D:5      | Found a hide-covered altar of Uskayaw.
  4888 | D:5      | Found a broken altar of Ashenzari.
  4888 | D:5      | Found a burning altar of Makhleb.
  4888 | D:5      | Found a sparkling altar of Nemelex Xobeh.
  4888 | D:5      | Found a hazy altar of Hepliaklqana.
  4888 | D:5      | Found a sparkling altar of Nemelex Xobeh.
  4888 | D:5      | Noticed a slime creature
  4902 | D:5      | Killed a slime creature
  4903 | D:5      | Reached skill level 9 in Conjurations
  5012 | D:5      | Killed a slime creature
  5316 | D:5      | Found a staircase to the Ecumenical Temple.
  5322 | Temple   | Entered the Ecumenical Temple
  5328 | Temple   | Became a worshipper of Vehumet
  5447 | D:5      | Reached skill level 1 in Air Magic
  6275 | D:5      | Reached skill level 10 in Conjurations
  6275 | D:5      | Reached skill level 5 in Ice Magic
  6275 | D:5      | Reached XP level 9. HP: 57/57 MP: 11/18
  6712 | D:6      | Learned a level 5 spell: Freezing Cloud
  7253 | D:6      | Reached * piety under Vehumet
  7253 | D:6      | Offered knowledge of Freeze by Vehumet.
  7748 | D:7      | Reached skill level 11 in Conjurations
  8508 | D:7      | Noticed a gargoyle
  8657 | D:7      | Found a blossoming altar of Fedhas.
  8893 | D:7      | Killed a gargoyle
  8894 | D:7      | Reached XP level 10. HP: 46/63 MP: 11/21
  9022 | D:8      | Reached ** piety under Vehumet
  9095 | D:8      | Offered knowledge of Sting by Vehumet.
  9358 | D:8      | Reached skill level 5 in Air Magic
  9589 | D:8      | Reached skill level 12 in Conjurations
  9745 | D:8      | Found a staircase to the Lair.
 10497 | D:9      | Offered knowledge of Frozen Ramparts by Vehumet.
 10783 | D:9      | Found a white marble altar of Elyvilon.
 11137 | D:9      | Reached *** piety under Vehumet
 11143 | D:9      | Reached XP level 11. HP: 55/68 MP: 18/23
 11249 | D:9      | Reached skill level 13 in Conjurations
 11777 | D:9      | Learned a level 7 spell: Orb of Destruction
 11778 | D:10     | Entered Level 10 of the Dungeon
 12143 | D:10     | Offered knowledge of Hailstorm by Vehumet.
 12663 | D:11     | Noticed a green ugly thing
 12668 | D:11     | Killed a green ugly thing
 12767 | D:11     | Noticed a two-headed ogre
 12772 | D:11     | Killed a two-headed ogre
 13086 | D:11     | Identified a scroll of acquirement
 13086 | D:11     | Acquired the ring of the Saviour {Ice rN+ Int+5 Stlth+}
 13099 | D:11     | Got Fubar's Cyclopedia of Pollution and Ice
 13546 | D:12     | Noticed a two-headed ogre
 13549 | D:12     | Noticed Psyche
 13552 | D:12     | Killed Psyche
 13552 | D:12     | Reached **** piety under Vehumet
 13552 | D:12     | Killed a two-headed ogre
 13553 | D:12     | Reached skill level 1 in Staves
 13553 | D:12     | Reached skill level 14 in Conjurations
 13553 | D:12     | Reached skill level 1 in Evocations
 13644 | D:12     | Offered knowledge of Olgreb's Toxic Radiance by Vehumet.
 13806 | D:12     | Reached XP level 12. HP: 59/74 MP: 10/25
 13953 | D:12     | Found a staircase to the Orcish Mines.
 14347 | D:12     | Found a portal to a secret trove of treasure.
 14846 | Lair:1   | Entered Level 1 of the Lair of Beasts
 14853 | Lair:1   | Reached skill level 15 in Conjurations
 14978 | Lair:1   | Reached ***** piety under Vehumet
 14978 | Lair:1   | Offered knowledge of Airstrike by Vehumet.
 14979 | Lair:1   | Reached skill level 10 in Spellcasting
 15155 | Lair:1   | Reached skill level 1 in Fighting
 15200 | Lair:1   | Reached skill level 5 in Evocations
 15202 | Lair:1   | Reached skill level 5 in Staves
 15570 | Lair:1   | Gained mutation: You can hop long distances. [Barachi
                  | growth]
 15570 | Lair:1   | Reached XP level 13. HP: 86/86 MP: 19/27
 16565 | Lair:2   | Reached skill level 5 in Fighting
 16649 | Lair:2   | Found a staircase to the Swamp.
 16649 | Lair:2   | Noticed an eleionoma
 16663 | Lair:2   | Killed an eleionoma
 16865 | Lair:2   | Reached skill level 16 in Conjurations
 17788 | Lair:3   | Found a staircase to the Snake Pit.
 18021 | Lair:3   | Offered knowledge of Sticky Flame by Vehumet.
 18601 | Lair:4   | Found a staircase to the Slime Pits.
 18601 | Lair:4   | Found a viscous altar of Jiyva.
 18805 | Lair:4   | Reached XP level 14. HP: 101/101 MP: 26/29
 19660 | Lair:5   | Entered Level 5 of the Lair of Beasts
 19677 | Lair:4   | HP: 4/103 [yak (9)]
 20020 | Lair:5   | Found the +7 Spriggan's Knife {stab, EV+4 Stlth+}
 20752 | Lair:5   | Found a runed translucent gate.
 20753 | Lair:5   | Found a runed translucent gate.
 20754 | Lair:5   | Found a runed translucent gate.
 21104 | Lair:5   | Noticed drollins's ghost (journeyman GrFi)
 21224 | Lair:5   | Identified the +6 chain mail of Trumpets {rElec}
 21813 | Lair:5   | Reached skill level 17 in Conjurations
 22072 | Lair:5   | Identified the +1 sling of the Spider {antimagic, rElec}
 22403 | D:13     | Reached XP level 15. HP: 113/113 MP: 29/31
 23092 | D:13     | Offered knowledge of Conjure Ball Lightning by Vehumet.
 23101 | D:13     | Learned a level 6 spell: Conjure Ball Lightning
 23720 | D:13     | Reached skill level 10 in Staves
 23720 | D:13     | Reached skill level 10 in Evocations
 23900 | D:13     | Found a gate to the Vaults.
 24278 | Orc:1    | Entered Level 1 of the Orcish Mines
 24439 | Orc:1    | Learned a level 4 spell: Iskenderun's Mystic Blast
 24549 | Orc:2    | Entered Level 2 of the Orcish Mines
 24549 | Orc:2    | Found a staircase to the Elven Halls.
 24644 | Orc:2    | Found Niumm's Armour Shoppe.
 24647 | Orc:2    | Found Ynutacao's Antique Armour Shoppe.
 24655 | Orc:2    | Reached skill level 10 in Fighting
 24662 | Orc:2    | Hit by a large rock thrown by a cyclops

Illustrated notes

Levels and vault maps discovered:
D:1:      dpeg_arrival_short_road, layout_basic, grunt_decor_clamped,
          nicolae_concentric_dashed_squares_mild
D:2:      layout_rooms, minmay_tetromino_t2
D:3:      layout_basic, mainiacjoe_overflow_six_doors_small
D:4:      layout_cave_pools, nicolae_hepliaklqana_monster_ancestors,
          slow_altar_1, grunt_dithmenos_smoke_and_mirrors
D:5:      cheibrodos_fertilizer, layout_loops_corners, temple_green,
          grunt_tough_drop
D:6:      layout_gridville, minmay_misc_feat_diagonals,
          chequers_serial_rivers_micro_c
D:7:      layout_loops_ring, nicolae_overflow_hidden_temple, fedhas_altar_4
D:8:      layout_loops_cross, erik_lair_island, minmay_misc_feat_columns,
          minmay_misc_feat_room
D:9:      layout_basic, mainiacjoe_overflow_boulevard
D:10:     layout_irregular_city
D:11:     layout_irregular_city
D:12:     layout_basic, minmay_orc_entry_temple_large, enter_trove_1,
          uniq_psyche
D:13:     layout_loops_corners, hangedman_vaults_entry_quadrant_bands
Temple:   nicolae_temple_no_exploring_needed
Lair:1:   layout_cave_shapes, beast_lair_carwin_10
Lair:2:   layout_gridlike, alex1729_swamp_entry_worm_eleionoma,
          cheibrodos_lair_lostbears, grunt_megastairs_5
Lair:3:   layout_concentric_octagons, minmay_snake_entry_spellcaster
Lair:4:   layout_gridlike, nicolae_slime_entry_slimehenge, lemuel_fruit_tree
Lair:5:   evilmike_catoblepas_cave, layout_regular_city, gammafunk_ghost_split,
          serial_bayou_pond_a, fungi_pond_lemuel, guppyfry_lair_drakes,
          grunt_megastairs_3
Orc:1:    layout_diamond_mine
Orc:2:    st_orc_open, layout_diamond_mine

Skill      XL: |  1  2  3  4  5  6  7  8  9 10 11 12 13 14 15 |
---------------+----------------------------------------------+-----
Conjurations   | 5 6 7 8 10 11 12 14 15 16 17 | 17.5
Spellcasting   | 3 4 5 6 7 8 9 10 11 12 13 | 13.0
Ice Magic      | 1 3 5 6 8 9 |  9.0
Air Magic      | 2 4 6 7 |  7.6
Staves         | 2 5 7 9 10 | 10.0
Evocations     | 2 5 7 9 10 | 10.0
Fighting       | 3 6 9 10 | 10.1
Dodging        | 3 |  3.7
Stealth        | |  1.7

Action                     |  1- 3 |  4- 6 |  7- 9 | 10-12 | 13-15 || total
---------------------------+-------+-------+-------+-------+-------++-------
  Melee: Unarmed           |     9 |       |       |       |       ||     9
         Staff             |    24 |     3 |     2 |    31 |   127 ||   187
         Dagger            |       |       |     5 |    27 |       ||    32
         Punch             |       |       |     1 |       |     2 ||     3
   Cast: Magic Dart        |    57 |   147 |   143 |    60 |    18 ||   425
         Searing Ray       |     2 |     6 |    64 |    58 |    12 ||   142
         Freezing Cloud    |       |       |     3 |    52 |   143 ||   198
         Orb of Destructio |       |       |       |    18 |    59 ||    77
Ability: Hop               |     1 |       |     2 |     1 |     1 ||     5
    Use: Scroll            |       |     7 |     5 |     6 |     9 ||    27
 Armour: Robe              |    24 |     9 |    39 |    93 |   142 ||   307
  Dodge: Dodged            |    49 |    12 |    60 |   157 |   116 ||   394
